Capitals vs Bruins

Created - February-06-15 at 17:35

Goals
1 2 3 T
Capitals 1 2 1 4
Bruins 1 2 0 3
Shots
1 2 3 T
Capitals 8 13 11 32
Bruins 11 9 5 25

1st period

1. Bruins , Andrew Ladd 15 (John Carlson, David Krejci) at 17:14
2. Capitals , Matt Stajan 17 (Taylor Hall) at 18:19

Penalties :
No Penalty

2nd period

3. Capitals , Cody Eakin 8 (Bryce Salvador, Mathieu Perreault) at 5:08
4. Capitals , Alexander Semin 19 (David Desharnais) at 5:12
5. Bruins , Matt Moulson 15 (Ryan Callahan, Drew Doughty) at 12:18
6. Bruins , Ryan Spooner 2 (Matt Moulson, David Warsofsky) at 12:29

Penalties :
Matt Bartkowski (BOS) for Hooking (Minor) at 2:48, Mike Green (WSH) for Charging (Minor) at 10:06, Matt Bartkowski (BOS) for Hooking (Minor) at 16:01, Dougie Hamilton (BOS) for Interference (Minor) at 18:44

3rd period

7. Capitals , Alexander Ovechkin 33 (Alexander Semin, Taylor Hall) at 0:44

Penalties :
Andrew Ladd (BOS) for High sticking (Minor) at 5:58

Goalie Stats

Jimmy Howard (WSH), 22 saves from 25 shots - (0.880), W, 16-14-4, 60:00 minutes
Tuukka Rask (BOS), 28 saves from 32 shots - (0.875), L, 24-14-4, 59:18 minutes

Players Stats for Capitals

Player Name              G  A  P  +/- PIM S  H  SB GA TA FO     MP     PP MP  PK MP  
------------------------------------------------------------------------------------
Alexander Ovechkin       1  0  1  -1  0   1  7  0  0  0  1/3    25:13   4:26   0:00 
Alexander Semin          1  1  2   0  0   2  0  1  0  0  2/2    21:36   4:26   0:29 
Bryce Salvador           0  1  1   2  0   1  2  1  0  0  0/0    16:07   0:00   1:06 
Cody Eakin               1  0  1   2  0   3  0  0  0  0  1/1    12:35   0:00   0:00 
Corey Potter             0  0  0   1  0   0  0  0  0  0  0/0     4:43   0:00   0:35 
David Desharnais         0  1  1   0  0   1  0  0  0  0  13/23  21:07   4:26   0:00 
Derek Dorsett            0  0  0  -1  0   0  0  0  0  0  2/7     4:42   0:00   0:00 
Dmitri Orlov             0  0  0  -1  0   2  2  1  0  0  0/0    19:34   3:40   0:31 
Jay Harrison             0  0  0   2  0   1  1  2  0  0  0/0    14:00   0:00   0:00 
Jiri Tlusty              0  0  0   0  0   1  2  0  0  0  0/2    20:06   3:30   0:29 
Mathieu Perreault        0  1  1   2  0   4  2  0  0  0  5/14   13:36   0:00   0:00 
Matt Stajan              1  0  1   0  0   3  3  0  0  0  6/17   21:07   3:30   1:30 
Mike Green               0  0  0  -1  2   0  4  0  0  0  0/0    20:13   3:40   0:00 
Nate Guenin              0  0  0  -1  0   1  4  1  0  0  0/0    16:16   0:00   0:53 
Ryan McDonagh            0  0  0   0  0   4  3  2  0  0  0/0    24:50   4:16   0:53 
T.J. Galiardi            0  0  0   2  0   1  2  0  0  0  0/0    12:35   0:00   0:00 
Taylor Hall              0  2  2   0  0   5  0  0  0  0  1/3    21:28   4:16   1:30 
Tomas Fleischmann        0  0  0  -1  0   2  0  0  0  0  0/1     8:12   3:30   0:00 

Players Stats for Bruins

Player Name              G  A  P  +/- PIM S  H  SB GA TA FO     MP     PP MP  PK MP  
------------------------------------------------------------------------------------
Andrew Ladd              1  0  1  -1  2   2  0  1  0  0  0/0    18:17   1:13   1:41 
Brad Marchand            0  0  0  -1  0   2  1  0  0  0  1/2    13:00   0:00   0:46 
Carl Soderberg           0  0  0  -1  0   1  1  0  0  0  9/17   15:14   0:46   2:14 
David Krejci             0  1  1  -1  0   2  0  1  0  0  12/20  16:49   1:13   0:12 
David Warsofsky          0  1  1  -1  0   1  0  1  0  0  0/0    17:28   0:46   3:38 
Dougie Hamilton          0  0  0   1  2   1  1  0  0  0  0/0    20:46   1:13   2:36 
Drew Doughty             0  1  1  -1  0   1  2  0  0  0  0/0    22:18   1:13   1:02 
Jakub Voracek            0  0  0  -1  0   1  0  0  0  0  0/0    18:15   1:13   0:00 
John Carlson             0  1  1   1  0   1  1  3  0  0  0/0    23:01   0:46   4:18 
Matt Bartkowski          0  0  0  -1  4   1  1  0  0  0  0/0    12:03   0:00   0:00 
Matt Moulson             1  1  2   2  0   1  1  1  0  0  0/0    11:07   0:00   5:42 
Niklas Kronwall          0  0  0  -1  0   0  2  4  0  0  0/0    24:21   0:00   4:18 
Patrice Bergeron         0  0  0  -1  0   3  1  0  0  0  14/26  23:05   0:46   5:17 
Reilly Smith             0  0  0  -1  0   2  0  0  0  0  0/0    16:23   0:00   0:00 
Ryan Callahan            0  1  1   2  0   0  0  0  0  0  0/0     5:25   0:00   0:00 
Ryan Spooner             1  0  1   2  0   2  0  0  0  0  5/7     5:25   0:00   0:00 
Ryan Strome              0  0  0  -1  0   2  1  0  0  0  1/1    11:15   0:00   0:00 
Zach Parise              0  0  0  -1  0   2  0  0  0  0  0/0    17:48   0:46   0:00 

3 Stars

1 - Matt Moulson (BOS)
2 - Alexander Ovechkin (WSH)
3 - Alexander Semin (WSH)

Power Play

Capitals - 0 on 4 Attempt(s) - 0.00%
Bruins - 0 on 1 Attempt(s) - 0.00%

Penalty Kill

Capitals - 1 on 1 Attempt(s) - 100.00% - Score 0 goal in Penalty Kill
Bruins - 4 on 4 Attempt(s) - 100.00% - Score 0 goal in Penalty Kill

Team Stat

Capitals - Hits : 32 - Faceoff Wins : 31 - Blocked Shots : 8 - Penalty Minutes : 2
Bruins - Hits : 12 - Faceoff Wins : 42 - Blocked Shots : 11 - Penalty Minutes : 8

Official

Referees : Frederick L'Ecuyer and Dennis LaRue
Linesman : Mark Shewchyk and Mike Cvik

Game Notes

No Game Note

Finance

Level 1 -- Attendance: 4998 (76.89%) -- Ticket Income $549,780
Level 2 -- Attendance: 4889 (97.78%) -- Ticket Income $366,675
Level 3 -- Attendance: 3321 (94.89%) -- Ticket Income $185,976
Level 4 -- Attendance: 1565 (100.00%) -- Ticket Income $62,600
Luxury Box -- Attendance: 960 (96.00%) -- Ticket Income $191,040
Game was played at the TD Garden'
Total Attendance: 15733 (89.57%)
Total Ticket Income: $1,356,071
Other Income: $203,411
Total Income: $1,559,482

% Time on Ice - Capitals

Lines # - Real PCT - Wanted PCT - Time Play
Normal Forward
1 - 33% - 36% - 16:14
2 - 32% - 33% - 16:07
3 - 25% - 16% - 12:35
4 - 9% - 15% - 4:42
Normal Defense
1 - 33% - 35% - 16:34
2 - 31% - 30% - 15:23
3 - 28% - 25% - 14:00
4 - 7% - 10% - 3:41
PP Forward
1 - 56% - 60% - 4:26
2 - 44% - 40% - 3:30
PP Defense
1 - 54% - 60% - 4:16
2 - 46% - 40% - 3:40
PK Forward
1 - 76% - 60% - 1:30
2 - 24% - 40% - 0:29
PK Defense
1 - 45% - 60% - 0:53
2 - 55% - 40% - 1:06
PK3 Forward
1 - 0% - 60%
2 - 0% - 40%
PK3 Defense
1 - 0% - 60%
2 - 0% - 40%
44 Forward
1 - 0% - 60%
2 - 0% - 40%
44 Defense
1 - 0% - 60%
2 - 0% - 40%
Last Minute Offensive  - 0:00
Last Minute Defensive  - 0:27
Total
Forward - 60:00
Defense - 60:00

% Time on Ice - Bruins

Lines # - Real PCT - Wanted PCT - Time Play
Normal Forward
1 - 35% - 40% - 17:02
2 - 31% - 30% - 15:24
3 - 23% - 20% - 11:15
4 - 11% - 10% - 5:25
Normal Defense
1 - 38% - 40% - 18:33
2 - 35% - 30% - 16:58
3 - 25% - 20% - 12:05
4 - 3% - 10% - 1:30
PP Forward
1 - 61% - 60% - 1:13
2 - 39% - 40% - 0:46
PP Defense
1 - 39% - 60% - 0:46
2 - 61% - 40% - 1:13
PK Forward
1 - 74% - 60% - 5:54
2 - 26% - 40% - 2:02
PK Defense
1 - 54% - 60% - 4:18
2 - 46% - 40% - 3:38
PK3 Forward
1 - 0% - 60%
2 - 0% - 40%
PK3 Defense
1 - 0% - 60%
2 - 0% - 40%
44 Forward
1 - 0% - 60%
2 - 0% - 40%
44 Defense
1 - 0% - 60%
2 - 0% - 40%
Last Minute Offensive  - 0:59
Last Minute Defensive  - 0:00
Total
Forward - 60:00
Defense - 60:00

Play by Play

1st period


0:01 of 1st period - Patrice Bergeron wins face-off versus Alexander Ovechkin in neutral zone.
0:17 of 1st period - Zach Parise is hit by Mike Green and loses puck.
0:26 of 1st period - Shot by Patrice Bergeron.
0:26 of 1st period - Stopped by Jimmy Howard without a rebound.
0:27 of 1st period - David Krejci wins face-off versus Matt Stajan in Capitals zone.
0:54 of 1st period - Shot by Nate Guenin.
0:54 of 1st period - Stopped by Tuukka Rask without a rebound.
0:55 of 1st period - Mathieu Perreault wins face-off versus Carl Soderberg in Bruins zone.
1:00 of 1st period - Icing by Matt Bartkowski.
1:01 of 1st period - Ryan Strome wins face-off versus Derek Dorsett in Bruins zone.
1:01 of 1st period - Brad Marchand is hit by Alexander Ovechkin and loses puck.
1:34 of 1st period - Jay Harrison is hit by Carl Soderberg and loses puck.
1:39 of 1st period - Shot by Ryan Strome.
1:39 of 1st period - Shot Misses the Net.
1:41 of 1st period - Shot by Ryan Strome.
1:41 of 1st period - Shot Blocked by Jay Harrison.
2:25 of 1st period - Shot by Patrice Bergeron.
2:25 of 1st period - Shot Blocked by Jay Harrison.
2:27 of 1st period - Shot by Jakub Voracek.
2:27 of 1st period - Shot Misses the Net.
2:47 of 1st period - Shot by Andrew Ladd.
2:47 of 1st period - Shot Misses the Net.
2:55 of 1st period - Shot by David Krejci.
2:55 of 1st period - Shot Misses the Net.
2:57 of 1st period - Shot by John Carlson.
2:57 of 1st period - Stopped by Jimmy Howard without a rebound.
2:58 of 1st period - Matt Stajan wins face-off versus Ryan Spooner in Capitals zone.
5:10 of 1st period - Shot by Taylor Hall.
5:10 of 1st period - Stopped by Tuukka Rask without a rebound.
5:11 of 1st period - Patrice Bergeron wins face-off versus Matt Stajan in Bruins zone.
5:48 of 1st period - Shot by Jakub Voracek.
5:48 of 1st period - Shot Blocked by Bryce Salvador.
6:14 of 1st period - Icing by Niklas Kronwall.
6:15 of 1st period - David Krejci wins face-off versus David Desharnais in Bruins zone.
6:46 of 1st period - Icing by Alexander Semin.
6:47 of 1st period - David Desharnais wins face-off versus Brad Marchand in Capitals zone.
7:06 of 1st period - Shot by Carl Soderberg.
7:06 of 1st period - Shot Misses the Net.
7:23 of 1st period - Alexander Ovechkin is hit by Ryan Strome and loses puck.
8:31 of 1st period - Icing by Ryan McDonagh.
8:32 of 1st period - David Krejci wins face-off versus Matt Stajan in Capitals zone.
9:19 of 1st period - Shot by Mathieu Perreault.
9:19 of 1st period - Stopped by Tuukka Rask with a rebound.
9:44 of 1st period - Shot by Cody Eakin.
9:44 of 1st period - Stopped by Tuukka Rask without a rebound.
9:45 of 1st period - David Desharnais wins face-off versus Patrice Bergeron in Bruins zone.
10:01 of 1st period - Zach Parise is hit by Dmitri Orlov and loses puck.
10:06 of 1st period - Shot by Zach Parise.
10:06 of 1st period - Shot Blocked by Alexander Semin.
10:33 of 1st period - Zach Parise is hit by Dmitri Orlov.
10:46 of 1st period - Matt Bartkowski is hit by Alexander Ovechkin and loses puck.
11:02 of 1st period - Brad Marchand is hit by Nate Guenin and loses puck.
11:09 of 1st period - Shot by Ryan Strome.
11:09 of 1st period - Deflect By Carl Soderberg.
11:09 of 1st period - Shot Misses the Net.
11:11 of 1st period - Shot by Matt Bartkowski.
11:11 of 1st period - Stopped by Jimmy Howard with a rebound.
11:21 of 1st period - Shot by David Warsofsky.
11:21 of 1st period - Stopped by Jimmy Howard with a rebound.
12:59 of 1st period - Shot by Reilly Smith.
12:59 of 1st period - Shot Misses the Net.
13:01 of 1st period - Shot by David Krejci.
13:01 of 1st period - Stopped by Jimmy Howard with a rebound.
13:23 of 1st period - Shot by Jakub Voracek.
13:23 of 1st period - Deflect By Zach Parise.
13:23 of 1st period - Stopped by Jimmy Howard with a rebound.
13:33 of 1st period - Shot by Taylor Hall.
13:33 of 1st period - Stopped by Tuukka Rask without a rebound.
13:34 of 1st period - Carl Soderberg wins face-off versus Matt Stajan in Bruins zone.
13:45 of 1st period - Shot by Matt Stajan.
13:45 of 1st period - Shot Misses the Net.
13:47 of 1st period - Shot by Jay Harrison.
13:47 of 1st period - Stopped by Tuukka Rask with a rebound.
14:45 of 1st period - Shot by Zach Parise.
14:45 of 1st period - Shot Misses the Net.
15:55 of 1st period - Shot by David Krejci.
15:55 of 1st period - Stopped by Jimmy Howard without a rebound.
15:56 of 1st period - Carl Soderberg wins face-off versus Matt Stajan in Capitals zone.
16:02 of 1st period - Brad Marchand is hit by Bryce Salvador and loses puck.
16:20 of 1st period - Shot by Taylor Hall.
16:20 of 1st period - Shot Blocked by John Carlson.
16:22 of 1st period - Shot by Jiri Tlusty.
16:22 of 1st period - Stopped by Tuukka Rask without a rebound.
16:23 of 1st period - Patrice Bergeron wins face-off versus Derek Dorsett in Bruins zone.
16:23 of 1st period - Patrice Bergeron is hit by Alexander Ovechkin.
16:48 of 1st period - Shot by Zach Parise.
16:48 of 1st period - Stopped by Jimmy Howard without a rebound.
16:49 of 1st period - David Krejci wins face-off versus Matt Stajan in Capitals zone.
16:54 of 1st period - Shot by David Krejci.
16:54 of 1st period - Shot Misses the Net.
16:56 of 1st period - Shot by John Carlson.
16:56 of 1st period - Shot Blocked by Nate Guenin.
17:14 of 1st period - Shot by Andrew Ladd.
17:14 of 1st period - Goal by Andrew Ladd - Capitals : 0 - Bruins : 1.
17:15 of 1st period - David Desharnais wins face-off versus Patrice Bergeron in neutral zone.
18:19 of 1st period - Shot by Matt Stajan.
18:19 of 1st period - Goal by Matt Stajan - Capitals : 1 - Bruins : 1.
18:20 of 1st period - David Krejci wins face-off versus Matt Stajan in neutral zone.
18:54 of 1st period - Shot by Reilly Smith.
18:54 of 1st period - Stopped by Jimmy Howard without a rebound.
18:55 of 1st period - Carl Soderberg wins face-off versus Mathieu Perreault in Capitals zone.
19:03 of 1st period - Brad Marchand is hit by Jay Harrison and loses puck.
19:32 of 1st period - Shot by Brad Marchand.
19:32 of 1st period - Stopped by Jimmy Howard without a rebound.
19:33 of 1st period - Patrice Bergeron wins face-off versus David Desharnais in Capitals zone.
19:33 of 1st period - Patrice Bergeron is hit by Nate Guenin.
19:35 of 1st period - Shot by Niklas Kronwall.
19:35 of 1st period - Shot Blocked by Dmitri Orlov.
Goals for this period are 1 for Capitals vs 1 for Bruins.
Shots for this period are 8 for Capitals vs 11 for Bruins.

2nd period


0:01 of 2nd period - David Desharnais wins face-off versus Patrice Bergeron in neutral zone.
0:12 of 2nd period - Shot by Jakub Voracek.
0:12 of 2nd period - Stopped by Jimmy Howard without a rebound.
0:13 of 2nd period - David Krejci wins face-off versus Matt Stajan in Capitals zone.
0:33 of 2nd period - Shot by Taylor Hall.
0:33 of 2nd period - Shot Misses the Net.
0:38 of 2nd period - Icing by Dougie Hamilton.
0:39 of 2nd period - David Krejci wins face-off versus Derek Dorsett in Bruins zone.
0:45 of 2nd period - David Krejci is hit by Alexander Ovechkin and loses puck.
1:09 of 2nd period - Off-side.
1:10 of 2nd period - Matt Stajan wins face-off versus Patrice Bergeron in neutral zone.
1:12 of 2nd period - Taylor Hall is hit by Drew Doughty and loses puck.
1:25 of 2nd period - Shot by Matt Stajan.
1:25 of 2nd period - Shot Misses the Net.
2:15 of 2nd period - Shot by Ryan Strome.
2:15 of 2nd period - Stopped by Jimmy Howard with a rebound.
2:17 of 2nd period - Shot by David Warsofsky.
2:17 of 2nd period - Shot Misses the Net.
2:19 of 2nd period - Shot by Carl Soderberg.
2:19 of 2nd period - Stopped by Jimmy Howard with a rebound.
2:21 of 2nd period - Shot by Ryan Strome.
2:21 of 2nd period - Stopped by Jimmy Howard without a rebound.
2:22 of 2nd period - David Desharnais wins face-off versus David Krejci in Capitals zone.
2:43 of 2nd period - Off-side.
2:44 of 2nd period - Mathieu Perreault wins face-off versus Carl Soderberg in neutral zone.
2:48 of 2nd period - Minor Penalty to Matt Bartkowski for Hooking.
2:49 of 2nd period - Alexander Semin wins face-off versus Patrice Bergeron in Bruins zone.
2:52 of 2nd period - Shot by Mike Green.
2:52 of 2nd period - Shot Misses the Net.
2:54 of 2nd period - Shot by Dmitri Orlov.
2:54 of 2nd period - Shot Misses the Net.
2:56 of 2nd period - Shot by Dmitri Orlov.
2:56 of 2nd period - Shot Blocked by John Carlson.
2:58 of 2nd period - Shot by Dmitri Orlov.
2:58 of 2nd period - Stopped by Tuukka Rask with a rebound.
3:00 of 2nd period - Shot by Dmitri Orlov.
3:00 of 2nd period - Stopped by Tuukka Rask without a rebound.
3:01 of 2nd period - Patrice Bergeron wins face-off versus David Desharnais in Bruins zone.
3:14 of 2nd period - Shot by Ryan McDonagh.
3:14 of 2nd period - Stopped by Tuukka Rask with a rebound.
3:16 of 2nd period - Shot by Taylor Hall.
3:16 of 2nd period - Stopped by Tuukka Rask without a rebound.
3:17 of 2nd period - Matt Stajan wins face-off versus Patrice Bergeron in Bruins zone.
3:23 of 2nd period - Shot by Dmitri Orlov.
3:23 of 2nd period - Shot Blocked by Matt Moulson.
5:06 of 2nd period - Shot by Cody Eakin.
5:06 of 2nd period - Stopped by Tuukka Rask with a rebound.
5:08 of 2nd period - Shot by Cody Eakin.
5:08 of 2nd period - Goal by Cody Eakin - Capitals : 2 - Bruins : 1.
5:09 of 2nd period - David Desharnais wins face-off versus Carl Soderberg in neutral zone.
5:12 of 2nd period - Shot by Alexander Semin.
5:12 of 2nd period - Goal by Alexander Semin - Capitals : 3 - Bruins : 1.
5:13 of 2nd period - Carl Soderberg wins face-off versus Mathieu Perreault in neutral zone.
5:13 of 2nd period - Brad Marchand is hit by T.J. Galiardi and loses puck.
5:20 of 2nd period - John Carlson is hit by Mathieu Perreault and loses puck.
5:25 of 2nd period - Shot by Mathieu Perreault.
5:25 of 2nd period - Stopped by Tuukka Rask without a rebound.
5:26 of 2nd period - Alexander Semin wins face-off versus David Krejci in Bruins zone.
5:29 of 2nd period - Shot by Alexander Ovechkin.
5:29 of 2nd period - Shot Misses the Net.
5:37 of 2nd period - David Warsofsky is hit by Alexander Ovechkin.
5:55 of 2nd period - David Krejci is hit by Alexander Ovechkin and loses puck.
6:36 of 2nd period - David Warsofsky is hit by Ryan McDonagh and loses puck.
6:54 of 2nd period - Jiri Tlusty is hit by Niklas Kronwall and loses puck.
7:02 of 2nd period - Icing by Niklas Kronwall.
7:03 of 2nd period - Mathieu Perreault wins face-off versus Patrice Bergeron in Bruins zone.
7:03 of 2nd period - Mathieu Perreault is hit by Drew Doughty.
7:07 of 2nd period - Shot by Bryce Salvador.
7:07 of 2nd period - Shot Misses the Net.
7:43 of 2nd period - Off-side.
7:44 of 2nd period - David Desharnais wins face-off versus Carl Soderberg in neutral zone.
9:06 of 2nd period - Ryan Callahan is hit by Jiri Tlusty and loses puck.
9:16 of 2nd period - Icing by Matt Moulson.
9:17 of 2nd period - Ryan Spooner wins face-off versus Mathieu Perreault in Bruins zone.
9:21 of 2nd period - Niklas Kronwall is hit by Bryce Salvador and loses puck.
9:34 of 2nd period - Shot by Ryan Spooner.
9:34 of 2nd period - Stopped by Jimmy Howard without a rebound.
9:35 of 2nd period - Patrice Bergeron wins face-off versus Derek Dorsett in Capitals zone.
9:35 of 2nd period - Patrice Bergeron is hit by Mike Green.
9:56 of 2nd period - Ryan McDonagh is hit by Matt Bartkowski and loses puck.
10:06 of 2nd period - Minor Penalty to Mike Green for Charging.
10:07 of 2nd period - David Krejci wins face-off versus Matt Stajan in Capitals zone.
10:14 of 2nd period - Shot by Jakub Voracek.
10:14 of 2nd period - Deflect By David Krejci.
10:14 of 2nd period - Shot Misses the Net.
10:16 of 2nd period - Shot by Drew Doughty.
10:16 of 2nd period - Shot Misses the Net.
10:18 of 2nd period - Shot by Dougie Hamilton.
10:18 of 2nd period - Shot Misses the Net.
10:20 of 2nd period - Shot by Dougie Hamilton.
10:20 of 2nd period - Shot Misses the Net.
10:22 of 2nd period - Shot by Andrew Ladd.
10:22 of 2nd period - Shot Hit the Post.
10:42 of 2nd period - Icing by Dougie Hamilton.
10:43 of 2nd period - Matt Stajan wins face-off versus David Krejci in Bruins zone.
11:01 of 2nd period - Shot by Taylor Hall.
11:01 of 2nd period - Deflect By Matt Stajan.
11:01 of 2nd period - Shot Misses the Net.
12:16 of 2nd period - Shot by Ryan Callahan.
12:16 of 2nd period - Shot Blocked by Ryan McDonagh.
12:18 of 2nd period - Shot by Matt Moulson.
12:18 of 2nd period - Goal by Matt Moulson - Capitals : 3 - Bruins : 2.
12:19 of 2nd period - Ryan Spooner wins face-off versus David Desharnais in neutral zone.
12:29 of 2nd period - Shot by Ryan Spooner.
12:29 of 2nd period - Goal by Ryan Spooner - Capitals : 3 - Bruins : 3.
12:30 of 2nd period - Mathieu Perreault wins face-off versus David Krejci in neutral zone.
12:53 of 2nd period - Shot by Cody Eakin.
12:53 of 2nd period - Shot Blocked by John Carlson.
14:03 of 2nd period - Dmitri Orlov is hit by Niklas Kronwall and loses puck.
14:23 of 2nd period - Niklas Kronwall is hit by Matt Stajan and loses puck.
14:52 of 2nd period - Shot by Bryce Salvador.
14:52 of 2nd period - Shot Misses the Net.
14:54 of 2nd period - Shot by Matt Stajan.
14:54 of 2nd period - Stopped by Tuukka Rask without a rebound.
14:55 of 2nd period - David Krejci wins face-off versus Derek Dorsett in Bruins zone.
15:01 of 2nd period - John Carlson is hit by Ryan McDonagh and loses puck.
15:04 of 2nd period - Shot by Andrew Ladd.
15:04 of 2nd period - Deflect By Reilly Smith.
15:04 of 2nd period - Shot Misses the Net.
15:06 of 2nd period - Shot by Dougie Hamilton.
15:06 of 2nd period - Stopped by Jimmy Howard with a rebound.
15:10 of 2nd period - Shot by Reilly Smith.
15:10 of 2nd period - Stopped by Jimmy Howard without a rebound.
15:11 of 2nd period - Patrice Bergeron wins face-off versus Mathieu Perreault in Capitals zone.
15:11 of 2nd period - Matt Bartkowski is hit by Nate Guenin and loses puck.
15:15 of 2nd period - Zach Parise is hit by Nate Guenin and loses puck.
15:36 of 2nd period - David Warsofsky is hit by T.J. Galiardi.
16:01 of 2nd period - Minor Penalty to Matt Bartkowski for Hooking.
16:02 of 2nd period - David Desharnais wins face-off versus Patrice Bergeron in Bruins zone.
16:03 of 2nd period - Shot by Ryan McDonagh.
16:03 of 2nd period - Stopped by Tuukka Rask without a rebound.
16:04 of 2nd period - David Desharnais wins face-off versus Patrice Bergeron in Bruins zone.
16:07 of 2nd period - Shot by Taylor Hall.
16:07 of 2nd period - Shot Misses the Net.
16:21 of 2nd period - Taylor Hall is hit by Patrice Bergeron and loses puck.
16:50 of 2nd period - Andrew Ladd is hit by Alexander Ovechkin and loses puck.
17:29 of 2nd period - Shot by Jiri Tlusty.
17:29 of 2nd period - Shot Hit the Post.
17:31 of 2nd period - Shot by Tomas Fleischmann.
17:31 of 2nd period - Shot Misses the Net.
17:33 of 2nd period - Shot by Tomas Fleischmann.
17:33 of 2nd period - Stopped by Tuukka Rask without a rebound.
17:34 of 2nd period - Patrice Bergeron wins face-off versus Tomas Fleischmann in Bruins zone.
18:01 of 2nd period - Shot by Jiri Tlusty.
18:01 of 2nd period - Shot Blocked by Niklas Kronwall.
18:05 of 2nd period - Shot by Mathieu Perreault.
18:05 of 2nd period - Shot Blocked by Niklas Kronwall.
18:07 of 2nd period - Shot by Bryce Salvador.
18:07 of 2nd period - Deflect By Cody Eakin.
18:07 of 2nd period - Shot Misses the Net.
18:18 of 2nd period - Shot by Mathieu Perreault.
18:18 of 2nd period - Stopped by Tuukka Rask without a rebound.
18:19 of 2nd period - David Desharnais wins face-off versus David Krejci in Bruins zone.
18:19 of 2nd period - David Desharnais is hit by Dougie Hamilton.
18:29 of 2nd period - Shot by Alexander Semin.
18:29 of 2nd period - Shot Misses the Net.
18:35 of 2nd period - Shot by David Desharnais.
18:35 of 2nd period - Shot Blocked by David Krejci.
18:37 of 2nd period - Shot by Alexander Ovechkin.
18:37 of 2nd period - Shot Misses the Net.
18:39 of 2nd period - Shot by Ryan McDonagh.
18:39 of 2nd period - Deflect By David Desharnais.
18:39 of 2nd period - Shot Misses the Net.
18:44 of 2nd period - Minor Penalty to Dougie Hamilton for Interference.
18:45 of 2nd period - Patrice Bergeron wins face-off versus Matt Stajan in Bruins zone.
19:04 of 2nd period - Shot by Ryan McDonagh.
19:04 of 2nd period - Deflect By Matt Stajan.
19:04 of 2nd period - Shot Misses the Net.
19:06 of 2nd period - Shot by Taylor Hall.
19:06 of 2nd period - Shot Misses the Net.
19:18 of 2nd period - Shot by Ryan McDonagh.
19:18 of 2nd period - Shot Blocked by Niklas Kronwall.
19:20 of 2nd period - Shot by Ryan McDonagh.
19:20 of 2nd period - Stopped by Tuukka Rask without a rebound.
19:21 of 2nd period - Carl Soderberg wins face-off versus David Desharnais in Bruins zone.
19:38 of 2nd period - Shot by Alexander Ovechkin.
19:38 of 2nd period - Shot Misses the Net.
19:40 of 2nd period - Shot by Mike Green.
19:40 of 2nd period - Shot Misses the Net.
19:42 of 2nd period - Shot by Mike Green.
19:42 of 2nd period - Shot Misses the Net.
Goals for this period are 2 for Capitals vs 2 for Bruins.
Shots for this period are 13 for Capitals vs 9 for Bruins.

3rd period


0:01 of 3rd period - Alexander Ovechkin wins face-off versus Patrice Bergeron in neutral zone.
0:44 of 3rd period - Shot by Alexander Ovechkin.
0:44 of 3rd period - Goal by Alexander Ovechkin - Capitals : 4 - Bruins : 3.
0:45 of 3rd period - David Krejci wins face-off versus Mathieu Perreault in neutral zone.
1:09 of 3rd period - Shot by Mathieu Perreault.
1:09 of 3rd period - Shot Misses the Net.
1:17 of 3rd period - Shot by T.J. Galiardi.
1:17 of 3rd period - Shot Misses the Net.
1:23 of 3rd period - Shot by Cody Eakin.
1:23 of 3rd period - Shot Misses the Net.
1:25 of 3rd period - Shot by Nate Guenin.
1:25 of 3rd period - Shot Misses the Net.
1:55 of 3rd period - Shot by Bryce Salvador.
1:55 of 3rd period - Stopped by Tuukka Rask with a rebound.
1:57 of 3rd period - Shot by Bryce Salvador.
1:57 of 3rd period - Deflect By Jiri Tlusty.
1:57 of 3rd period - Shot Misses the Net.
2:23 of 3rd period - Shot by David Desharnais.
2:23 of 3rd period - Stopped by Tuukka Rask without a rebound.
2:24 of 3rd period - Brad Marchand wins face-off versus David Desharnais in Bruins zone.
2:31 of 3rd period - Icing by Alexander Ovechkin.
2:32 of 3rd period - Carl Soderberg wins face-off versus David Desharnais in Capitals zone.
2:39 of 3rd period - Shot by Brad Marchand.
2:39 of 3rd period - Shot Misses the Net.
2:48 of 3rd period - Mike Green is hit by Brad Marchand and loses puck.
3:26 of 3rd period - Off-side.
3:27 of 3rd period - Taylor Hall wins face-off versus Patrice Bergeron in neutral zone.
3:32 of 3rd period - Shot by Jiri Tlusty.
3:32 of 3rd period - Shot Misses the Net.
3:41 of 3rd period - Icing by Drew Doughty.
3:42 of 3rd period - Patrice Bergeron wins face-off versus Mathieu Perreault in Bruins zone.
3:50 of 3rd period - Shot by Patrice Bergeron.
3:50 of 3rd period - Stopped by Jimmy Howard without a rebound.
3:51 of 3rd period - David Krejci wins face-off versus Taylor Hall in Capitals zone.
4:21 of 3rd period - Shot by Taylor Hall.
4:21 of 3rd period - Stopped by Tuukka Rask without a rebound.
4:22 of 3rd period - Patrice Bergeron wins face-off versus Alexander Ovechkin in Bruins zone.
4:59 of 3rd period - Shot by Patrice Bergeron.
4:59 of 3rd period - Shot Blocked by Ryan McDonagh.
5:31 of 3rd period - Shot by Andrew Ladd.
5:31 of 3rd period - Shot Misses the Net.
5:33 of 3rd period - Shot by Drew Doughty.
5:33 of 3rd period - Stopped by Jimmy Howard without a rebound.
5:34 of 3rd period - Ryan Spooner wins face-off versus Matt Stajan in Capitals zone.
5:45 of 3rd period - Shot by Taylor Hall.
5:45 of 3rd period - Stopped by Tuukka Rask without a rebound.
5:46 of 3rd period - David Krejci wins face-off versus Mathieu Perreault in Bruins zone.
5:58 of 3rd period - Minor Penalty to Andrew Ladd for High sticking.
5:59 of 3rd period - Patrice Bergeron wins face-off versus Jiri Tlusty in Bruins zone.
5:59 of 3rd period - Patrice Bergeron is hit by Jiri Tlusty.
6:39 of 3rd period - Shot by Taylor Hall.
6:39 of 3rd period - Shot Blocked by David Warsofsky.
6:55 of 3rd period - Alexander Semin is hit by Matt Moulson and loses puck.
7:10 of 3rd period - Icing by Mike Green.
7:11 of 3rd period - Carl Soderberg wins face-off versus David Desharnais in Capitals zone.
8:14 of 3rd period - Shot by Mathieu Perreault.
8:14 of 3rd period - Shot Blocked by Andrew Ladd.
8:16 of 3rd period - Shot by T.J. Galiardi.
8:16 of 3rd period - Shot Misses the Net.
9:25 of 3rd period - Dmitri Orlov is hit by John Carlson and loses puck.
11:06 of 3rd period - Matt Moulson is hit by Mike Green and loses puck.
11:45 of 3rd period - Icing by John Carlson.
11:46 of 3rd period - Matt Stajan wins face-off versus David Krejci in Bruins zone.
12:41 of 3rd period - Shot by Bryce Salvador.
12:41 of 3rd period - Deflect By T.J. Galiardi.
12:41 of 3rd period - Stopped by Tuukka Rask without a rebound.
12:42 of 3rd period - Mathieu Perreault wins face-off versus Carl Soderberg in Bruins zone.
13:02 of 3rd period - Icing by Drew Doughty.
13:03 of 3rd period - Derek Dorsett wins face-off versus Carl Soderberg in Bruins zone.
13:20 of 3rd period - Shot by Alexander Ovechkin.
13:20 of 3rd period - Shot Misses the Net.
13:23 of 3rd period - Icing by Niklas Kronwall.
13:24 of 3rd period - Carl Soderberg wins face-off versus Jiri Tlusty in Bruins zone.
13:24 of 3rd period - Niklas Kronwall is hit by Matt Stajan and loses puck.
14:21 of 3rd period - Off-side.
14:22 of 3rd period - David Desharnais wins face-off versus David Krejci in neutral zone.
14:27 of 3rd period - Shot by Ryan McDonagh.
14:27 of 3rd period - Stopped by Tuukka Rask without a rebound.
14:28 of 3rd period - David Desharnais wins face-off versus Patrice Bergeron in Bruins zone.
14:35 of 3rd period - Shot by Patrice Bergeron.
14:35 of 3rd period - Stopped by Jimmy Howard without a rebound.
14:36 of 3rd period - Patrice Bergeron wins face-off versus David Desharnais in Capitals zone.
15:05 of 3rd period - Shot by Alexander Semin.
15:05 of 3rd period - Stopped by Tuukka Rask with a rebound.
15:32 of 3rd period - Icing by Dougie Hamilton.
15:33 of 3rd period - Patrice Bergeron wins face-off versus Taylor Hall in Bruins zone.
15:33 of 3rd period - Patrice Bergeron is hit by Matt Stajan.
15:54 of 3rd period - Shot by Matt Stajan.
15:54 of 3rd period - Stopped by Tuukka Rask without a rebound.
15:55 of 3rd period - Ryan Spooner wins face-off versus Mathieu Perreault in Bruins zone.
15:57 of 3rd period - Icing by Matt Moulson.
15:58 of 3rd period - Matt Stajan wins face-off versus Ryan Spooner in Bruins zone.
15:59 of 3rd period - Shot by Jiri Tlusty.
15:59 of 3rd period - Deflect By Matt Stajan.
15:59 of 3rd period - Shot Misses the Net.
16:12 of 3rd period - Off-side.
16:13 of 3rd period - David Desharnais wins face-off versus David Krejci in neutral zone.
16:22 of 3rd period - Shot by Andrew Ladd.
16:22 of 3rd period - Stopped by Jimmy Howard with a rebound.
16:46 of 3rd period - Shot by David Desharnais.
16:46 of 3rd period - Shot Misses the Net.
16:48 of 3rd period - Shot by Alexander Semin.
16:48 of 3rd period - Shot Blocked by Niklas Kronwall.
16:50 of 3rd period - Shot by Alexander Semin.
16:50 of 3rd period - Shot Misses the Net.
18:15 of 3rd period - Shot by Mathieu Perreault.
18:15 of 3rd period - Stopped by Tuukka Rask without a rebound.
18:16 of 3rd period - Derek Dorsett wins face-off versus Carl Soderberg in Bruins zone.
18:41 of 3rd period - Shot by Tomas Fleischmann.
18:41 of 3rd period - Stopped by Tuukka Rask without a rebound.
18:42 of 3rd period - Ryan Spooner wins face-off versus Mathieu Perreault in Bruins zone.
18:42 of 3rd period - Ryan Spooner is hit by Mathieu Perreault.
18:54 of 3rd period - Matt Moulson is hit by Mike Green and loses puck.
19:00 of 3rd period - Icing by Mike Green.
19:01 of 3rd period - Cody Eakin wins face-off versus Carl Soderberg in Capitals zone.
19:18 of 3rd period - Bruins, Tuukka Rask is pulled from the net.
19:25 of 3rd period - Reilly Smith is hit by Ryan McDonagh and loses puck.
19:32 of 3rd period - Shot by Brad Marchand.
19:32 of 3rd period - Stopped by Jimmy Howard without a rebound.
19:33 of 3rd period - Carl Soderberg wins face-off versus David Desharnais in Capitals zone.
Goals for this period are 1 for Capitals vs 0 for Bruins.
Shots for this period are 11 for Capitals vs 5 for Bruins.


Output by the SimonT Hockey Simulator (STHS) for Stephane Roy -- Original Page W3C XHTML 1.0 Valid
Hockey Simulator - Hockey Simulation - Hockey Manager